 Dungeon Sprint DCSS version 0.28.0-47-ge53b351184 (webtiles) character file.

Game seed: 15944270242408887284

413 Arandomuser85 the Arsonist (level 6, -3/42 HPs)
             Began as an Octopode Fire Elementalist on May 3, 2022.
             Was a Priest of Vehumet.
             Slain by a swamp dragon (6 damage)
             ... in the Dungeon (Sprint VII: "The Pits").
             The game lasted 00:05:13 (1140 turns).

Arandomuser85 the Arsonist (OpFE)                   Turns: 1140, Time: 00:05:14

Health: -3/42      AC:  1    Str:  7    XL:     6   Next: 91%
Magic:  14/16      EV: 15    Int: 17    God:    Vehumet [***...]
Gold:   0          SH:  0    Dex: 15    Spells: 10/19 levels left

rFire   . . .      SeeInvis .     - Unarmed
rCold   . . .      Faith    .   (no shield)
rNeg    . . .      Spirit   .   (helmet restricted)
rPois   .          Reflect  .   (no amulet)
rElec   .          Harm     .   (no ring)
rCorr   .          Rampage  .   (no ring)
Will    .....      NoTele   +   (no ring)
Stlth   ++++......              (no ring)
HPRegen 0.14/turn               (no ring)
MPRegen 0.15/turn               (no ring)
                                (no ring)
                                (no ring)

@: lethally poisoned (-3 -> -14)
A: almost no armour, amphibious, 8 rings, camouflage 1, gelatinous body 1,
(nimble swimmer 1), tentacles
a: Renounce Religion


You were in the Dungeon.
You worshipped Vehumet.
Vehumet was most pleased with you.
You visited 1 branch

Inventory:

Scrolls
 h - 5 scrolls of amnesia
 i - a scroll of summoning
Potions
 a - a potion of curing
 b - a potion of heal wounds
 c - a potion of haste
 d - a potion of magic
 e - 2 potions of berserk rage
 g - a potion of invisibility


   Skills:
 + Level 3.2 Fighting
 + Level 4.7 Dodging
 + Level 6.0 Stealth
 + Level 1.6 Unarmed Combat
 + Level 7.0 Spellcasting
 + Level 4.7 Conjurations
 + Level 9.2 Fire Magic
 + Level 1.1 Air Magic


You had 10 spell levels left.
You knew the following spells:

 Your Spells              Type           Power      Damage    Failure   Level
a - Foxfire               Conj/Fire      100%       2x1d9     1%          1
b - Shock                 Conj/Air       64%        1d7       1%          1
c - Scorch                Fire           74%        2d9       1%          2
d - Conjure Flame         Conj/Fire      29%        6-21      1%          3
e - Searing Ray           Conj           44%        2d6       1%          2

Your spell library contained the following spells:

 Spells                   Type           Power      Damage    Failure   Level
 Frozen Ramparts          Ice            12%        1d3       10%         3
 Inner Flame              Hex/Fire       21%        N/A       1%          3
 Flame Wave               Conj/Fire      29%        2d8       1%          4


Dungeon Overview and Level Annotations

Branches:
Dungeon (1/1)

Altars:
Ashenzari
Cheibriados
Dithmenos
Elyvilon
Fedhas
Gozag
Hepliaklqana
Kikubaaqudgha
Makhleb
Nemelex Xobeh
Okawaru
Qazlal
Ru
Sif Muna
Trog
Uskayaw
Vehumet
Wu Jian
Xom
Yredelemnul
Zin
The Shining One
Beogh
Jiyva
Lugonu


Innate Abilities, Weirdness & Mutations

You cannot wear most types of armour.
You are amphibious.
You can wear up to eight rings at the same time.
Your skin changes colour to match your surroundings (Stealth+).
Your rubbery body absorbs attacks. (AC +1, EV +1)
((You are camouflaged when in or above water. (Stealth+)))
You have tentacles for arms and can constrict up to eight enemies at once.


Message History

The swamp dragon misses you. x3
There is an open door, spattered with blood here.
The swamp dragon breathes poison at you.
The blast of poison engulfs you!
You are poisoned.
You are engulfed in poison gas.
You are lethally poisoned!
* * * LOW HITPOINT WARNING * * *
x2 You feel very sick.
You feel much better.
You are engulfed in poison gas.
You are lethally poisoned!
You feel extremely sick.
You feel better.
You are engulfed in poison gas.
You are poisoned.
You feel very sick. The swamp dragon misses you. The swamp dragon claws you.
The swamp dragon tramples you.
You stumble backwards!
You feel much better.
You feel very sick. The swamp dragon bites you.
The swamp dragon closely misses you. The swamp dragon barely misses you.
You feel better. The swamp dragon bites you!
The swamp dragon closely misses you. The swamp dragon tramples you.
You hold your ground!
Unknown command.
The swamp dragon breathes poison at you.
The blast of poison engulfs you!
You are poisoned.
You feel much better.
You are engulfed in poison gas.
You are more poisoned.
You feel very sick.
You feel better.
You are engulfed in poison gas.
You are poisoned.
You feel very sick. The swamp dragon completely misses you.
The swamp dragon claws you! The swamp dragon tramples you!
* * * LOW HITPOINT WARNING * * *
You stumble backwards!
You feel better.
You are engulfed in poison gas.
You are poisoned.
* * * LOW HITPOINT WARNING * * *
x2 You feel very sick.
The swamp dragon bites you.
You die...

#.#........##.......
#'###########.......
#.))....# ########
#...#...# #...#...#
#.##.##.#+#
#.°.#.☼.#.+
#.○○#☼..#'#
#.○@D°☼.'.#
###########


You could see a swamp dragon (catching breath, combustible).

Vanquished Creatures
  A water moccasin (D)
  2 necrophages (D)
  An ogre (D)
  A hound (D)
  2 orcs (D)
  A bat (D)
  A bat zombie (D)
  2 endoplasms (D)
  A giant cockroach (D)
  A kobold (D)
  A ball python (D)
  2 frilled lizards (D)
16 creatures vanquished.

Vanquished Creatures (others)
  30 foxfires (D)
30 creatures vanquished.

Grand Total: 46 creatures vanquished

Notes
Turn   | Place    | Note
-------+----------+-------------------------------------------
     0 | D        | Arandomuser85 the Octopode Fire Elementalist began the
                  | quest for the Orb.
     0 | D        | Reached XP level 1. HP: 11/11 MP: 3/3
    51 | D        | Found a bloodstained altar of Trog.
    51 | D        | Found a shimmering blue altar of Sif Muna.
    51 | D        | Found a viscous altar of Jiyva.
    51 | D        | Found a hazy altar of Hepliaklqana.
    51 | D        | Found an opulent altar of Gozag.
    52 | D        | Found a glowing golden altar of the Shining One.
    52 | D        | Found a glowing silver altar of Zin.
    52 | D        | Found a basalt altar of Yredelemnul.
    52 | D        | Found a shimmering altar of Xom.
    52 | D        | Found an ornate altar of the Wu Jian Council.
    52 | D        | Found a sacrificial altar of Ru.
    52 | D        | Found a stormy altar of Qazlal.
    52 | D        | Found an iron altar of Okawaru.
    52 | D        | Found a sparkling altar of Nemelex Xobeh.
    52 | D        | Found a burning altar of Makhleb.
    52 | D        | Found a blossoming altar of Fedhas.
    52 | D        | Found a white marble altar of Elyvilon.
    52 | D        | Found a shadowy altar of Dithmenos.
    52 | D        | Found a snail-covered altar of Cheibriados.
    54 | D        | Found a radiant altar of Vehumet.
    54 | D        | Found a corrupted altar of Lugonu.
    56 | D        | Found an ancient bone altar of Kikubaaqudgha.
    56 | D        | Found a hide-covered altar of Uskayaw.
    56 | D        | Found a broken altar of Ashenzari.
   126 | D        | Became a worshipper of Vehumet
   165 | D        | Reached skill level 4 in Fire Magic
   225 | D        | Reached * piety under Vehumet
   225 | D        | Offered knowledge of Shock by Vehumet.
   226 | D        | Reached XP level 2. HP: 10/17 MP: 0/5
   230 | D        | Noticed a necrophage
   243 | D        | Killed a necrophage
   243 | D        | Reached ** piety under Vehumet
   244 | D        | Reached skill level 1 in Fighting
   244 | D        | Reached skill level 6 in Fire Magic
   244 | D        | Reached XP level 3. HP: 6/23 MP: 6/8
   244 | D        | Reached XP level 4. HP: 8/28 MP: 6/9
   542 | D        | Learned a level 1 spell: Shock
   545 | D        | Learned a level 2 spell: Scorch
   546 | D        | Noticed an ogre
   546 | D        | Noticed a water moccasin
   548 | D        | Offered knowledge of Poisonous Vapours by Vehumet.
   557 | D        | Noticed a necrophage
   562 | D        | Killed a water moccasin
   563 | D        | Reached skill level 5 in Stealth
   563 | D        | Reached skill level 1 in Unarmed Combat
   563 | D        | Reached skill level 5 in Spellcasting
   563 | D        | Reached skill level 7 in Fire Magic
   563 | D        | Reached XP level 5. HP: 26/34 MP: 8/12
   563 | D        | Reached *** piety under Vehumet
   593 | D        | Killed a necrophage
   594 | D        | Reached skill level 8 in Fire Magic
   594 | D        | Reached XP level 6. HP: 17/41 MP: 4/15
   609 | D        | Learned a level 3 spell: Conjure Flame
   809 | D        | Offered knowledge of Searing Ray by Vehumet.
   810 | D        | Reached skill level 9 in Fire Magic
   810 | D        | Reached skill level 1 in Air Magic
   873 | D        | Learned a level 2 spell: Searing Ray
  1027 | D        | Offered knowledge of Frozen Ramparts by Vehumet.
  1127 | D        | Noticed a swamp dragon
  1140 | D        | Slain by a swamp dragon

Illustrated notes

Levels and vault maps discovered:
D:        pitsprint [storerooms_1, entrance_room_1, metal_vault_3, armoury_3,
          mini_pit_1, grid_room_1, main_hall_1, silver_pit, the_coven_3,
          the_vestibule_1, steel_vault_2, golden_pit, hallway_of_sentries,
          crystal_vault_4, iron_vault_1, final_vault]

Skill      XL: |  1  2  3  4  5  6 |
---------------+-------------------+-----
Stealth        | 3 4 5 6 |  6.0
Fire Magic     | 4 6 7 8 9 |  9.2
Fighting       | 1 2 3 |  3.2
Dodging        | 3 4 |  4.7
Spellcasting   | 3 5 6 7 |  7.0
Conjurations   | 2 4 |  4.7
Unarmed Combat | 1 |  1.6
Air Magic      | 1 |  1.1

Action                   |  1- 3 |  4- 6 || total
-------------------------+-------+-------++-------
Melee: Unarmed           |     8 |    10 ||    18
       Constrict         |     1 |     2 ||     3
       Tentacles         |     1 |     3 ||     4
       Punch             |     1 |       ||     1
 Cast: Foxfire           |    14 |     3 ||    17
       Scorch            |       |    14 ||    14
       Shock             |       |     3 ||     3
       Conjure Flame     |       |     2 ||     2
  Use: Potion            |     6 |     9 ||    15
       Scroll            |     1 |       ||     1
 Stab: Invisible         |     1 |       ||     1
       Sleeping          |       |     1 ||     1
Armor: Skin              |       |     1 ||     1
Dodge: Dodged            |    16 |    21 ||    37
